 Dungeon Crawl Stone Soup version 0.31-a0-161-gb58dd9be76 (webtiles) character file.

Game seed: 3575749006324815217

26 qw the Shooter (level 3, -4/21 HPs)
             Began as a Gargoyle Hunter on June 12, 2023.
             Slain by Sigmund
             ... wielding a +2 scythe of flaming
              (9 damage)
             ... on level 2 of the Dungeon.
             The game lasted 00:00:21 (905 turns).

qw the Shooter (Gargoyle Hunter)                     Turns: 905, Time: 00:00:22

Health: -4/21      AC:  9    Str: 14    XL:     3   Next: 8%
Magic:  3/3        EV: 10    Int:  9    God:
Gold:   59         SH:  0    Dex: 15    Spells: 2/2 levels left

rFire   . . .        a - +0 shortbow
rCold   . . .        (shield currently unavailable)
rNeg    + . .        g - +0 ring mail
rPois   inf          h - +0 helmet
rElec   +            (no cloak)
rCorr   .            (no gloves)
SInv    .            (no boots)
Will    .....        (no amulet)
Stlth   +            (no ring)
HPRegen 0.23/turn    (no ring)
MPRegen 0.08/turn

%: no passive effects
@: no status effects
A: sickness immunity, AC +3, negative energy resistance 1, electricity
resistance, torment resistance 1, petrification resistance
a: no special abilities


You were on level 2 of the Dungeon.
You visited 1 branch of the dungeon, and saw 2 of its levels.

You collected 59 gold pieces.


Innate Abilities, Weirdness & Mutations

You are immune to sickness and miasma.
Your stone body is resilient. (AC +3)
You are immune to poison.
You resist negative energy. (rN+)
You are resistant to electric shocks. (rElec)
You are resistant to unholy torment.
You are immune to petrification.


   Skills:
 - Level 2.1 Fighting
 - Level 4.8 Ranged Weapons
 + Level 0.5 Armour
 - Level 1.5 Dodging
 - Level 1.1 Stealth


You had 2 spell levels left.
You didn't know any spells.
Your spell library was empty.

Inventory:

Hand Weapons
 a - a +0 shortbow (weapon)
Armour
 g - a +0 ring mail (worn)
 h - a +0 helmet (worn)
Potions
 d - 2 potions of curing
 e - a potion of enlightenment {unknown}
 f - a potion of might {unknown}

Dungeon Overview and Level Annotations

Branches:
Dungeon (2/15)

Altars:

Annotations:
D:2 Sigmund


Message History

Sigmund is lightly wounded.
Sigmund hits you from afar with a +2 scythe of flaming.
Sigmund burns you.
You shoot an arrow. The arrow closely misses Sigmund.
Sigmund hits you from afar with a +2 scythe of flaming.
Sigmund burns you. Sigmund hits you but does no damage.
You see here a dart slug corpse.
A worm and an endoplasm come into view.
Found a stone staircase leading down.
The endoplasm moves out of view.
You shoot an arrow. The arrow closely misses Sigmund.
You shoot an arrow. The arrow closely misses Sigmund.
You shoot an arrow. The arrow barely misses the worm.
You shoot an arrow. The arrow hits Sigmund.
Sigmund is moderately wounded.
Sigmund barely misses you.
You shoot an arrow. The arrow closely misses Sigmund.
Sigmund closely misses you.
You shoot an arrow. The arrow closely misses Sigmund.
Sigmund hits you with a +2 scythe of flaming.
Sigmund burns you.
You shoot an arrow. The arrow barely misses Sigmund.
Sigmund barely misses you.
You shoot an arrow. The arrow hits Sigmund.
Sigmund is moderately wounded.
You shoot an arrow. The arrow hits Sigmund.
Sigmund is heavily wounded.
Sigmund closely misses you.
You shoot an arrow.
The arrow hits Sigmund but does no damage.
Sigmund is heavily wounded.
Sigmund closely misses you.
A kobold comes into view. It is wielding a +0 club.
You shoot an arrow. The kobold shouts!
The arrow hits Sigmund.
Sigmund is severely wounded.
Sigmund hits you with a +2 scythe of flaming!
You die...

.>.. .... . ....
#.##.. ####
#.K...######....
.............#
#.....#@..##
#.@##..####
##.........
#%........
#.........
#<........
#.........
#.........
##########


You could see Sigmund and a kobold.

Vanquished Creatures
  A dart slug (D:2)
  3 ball pythons (D:1)
  2 endoplasms (D:1)
  2 giant cockroaches (D:1)
  3 goblins (D:1)
  3 hobgoblins (D:1)
  2 kobolds (D:1)
  2 quokkas (D:1)
  A frilled lizard (D:1)
  2 rats (D:1)
21 creatures vanquished.

Notes
Turn   | Place    | Note
-------+----------+-------------------------------------------
     0 | D:1      | qw the Gargoyle Hunter began the quest for the Orb.
     0 | D:1      | Reached XP level 1. HP: 12/12 MP: 1/1
     0 | D:1      | 0 ||| qw: Version: 0.2-a-29-gc1b59c4
     0 | D:1      | 0 ||| qw: Game counter: 4269
     0 | D:1      | 0 ||| qw: Always use a shield: true
     0 | D:1      | 0 ||| qw: God list: Okawaru
     0 | D:1      | 0 ||| qw: Allow faded altars: false
     0 | D:1      | 0 ||| qw: Do Orc after D:15 true
     0 | D:1      | 0 ||| qw: Do second Lair branch before Depths: true
     0 | D:1      | 0 ||| qw: Lair rune preference: random
     0 | D:1      | 0 ||| qw: Plans: Normal, Zot:1-4, Slime:5, God:TSO, Crypt,
                  | Tomb, Abyss, Pan, Hells, Win
     0 | D:1      | 0 ||| PLANNING D:1-11
   101 | D:1      | Reached XP level 2. HP: 17/17 MP: 2/2
   164 | D:1      | HP: 4/17 [endoplasm (3)]
   331 | D:1      | Found a faded altar of an unknown god.
   552 | D:1      | 552 ||| UPGRADING to +0 ring mail.
   562 | D:1      | 562 ||| DROPPING +0 leather armour.
   563 | D:1      | 563 ||| UPGRADING to +0 helmet.
   568 | D:1      | 568 ||| DRINKING 3 yellow potions.
   569 | D:1      | 569 ||| DROPPING scroll of butterflies.
   597 | D:2      | Noticed Sigmund
   599 | D:2      | 599 ||| STAIRDANCE
   653 | D:2      | 653 ||| STAIRDANCE
   672 | D:2      | HP: 3/17 [Sigmund/+2 scythe of flaming (3)]
   673 | D:2      | 673 ||| STAIRDANCE
   738 | D:2      | 738 ||| STAIRDANCE
   738 | D:2      | HP: 4/17 [goblin/sling bullet (3)]
   797 | D:2      | 797 ||| STAIRDANCE
   804 | D:2      | 804 ||| STAIRDANCE
   806 | D:2      | 806 ||| STAIRDANCE
   808 | D:2      | 808 ||| STAIRDANCE
   810 | D:2      | 810 ||| STAIRDANCE
   813 | D:1      | HP: 4/17 [goblin/+0 dagger (3)]
   817 | D:1      | Reached XP level 3. HP: 6/21 MP: 3/3
   900 | D:2      | HP: 4/21 [Sigmund/+2 scythe of flaming (2)]
   905 | D:2      | Slain by Sigmund

Levels and vault maps discovered:
D:1:      elethiomel_arrival_maze, layout_rooms,
          ebering_ecumenical_altar_sacrificial, minmay_bisected
D:2:      layout_rooms, serial_shops, shop, basic_altar, uniq_sigmund,
          uniq_jessica, uniq_robin, uniq_terence

Action                     || total
---------------------------++-------
   Fire: Shortbow          ||    74
    Use: Potion            ||     1
 Armour: Ring mail         ||     9
         Leather armour    ||     4
  Dodge: Dodged            ||    30

Table legend:
 A = Non-vault XP
 B = Vault XP
 C = Vault XP percentage of total XP
 D = Non-vault monster count
 E = Vault monster count
 F = Vault count percentage of total count
                 A         B        C        D         E       F
            +---------+---------+-------+---------+---------+-------
      Total |      34 |       4 |  10.5 |      19 |       2 |   9.5
            +---------+---------+-------+---------+---------+-------
        D:1 |      30 |       4 |  11.8 |      18 |       2 |  10.0
        D:2 |       4 |       0 |   0.0 |       1 |       0 |   0.0
            +---------+---------+-------+---------+---------+-------
